 Dungeon Crawl Stone Soup version 0.30-a0-728-gc68057be0a (webtiles) character file.

Game seed: 14999888953872441846

7016 Arximoufas the Thaumaturge (level 10, -1/50 HPs)
             Began as a Deep Elf Conjurer on Jan 30, 2023.
             Was a Believer of Vehumet.
             Killed from afar by Erica (21 damage)
             ... with a bolt of poison
             ... on level 9 of the Dungeon.
             The game lasted 00:47:26 (10803 turns).

Arximoufas the Thaumaturge (Deep Elf Conjurer)     Turns: 10803, Time: 00:47:27

Health: -1/50      AC:  4    Str:  4    XL:     10   Next: 82%
Magic:  21/28      EV: 12    Int: 28    God:    Vehumet [**....]
Gold:   529        SH:  0    Dex: 13    Spells: 19/34 levels left

rFire   . . .      SeeInvis .    A - staff of conjuration
rCold   . . .      Faith    .    (no shield)
rNeg    . . .      Spirit   .    a - +0 robe
rPois   .          Reflect  .    d - +1 hat {Stlth+}
rElec   .          Harm     .    J - scarf {repulsion}
rCorr   .          Rampage  .    (no gloves)
Will    ++...                    x - +0 pair of boots
Stlth   ++++                     (no amulet)
HPRegen 0.28/turn                t - ring of flight
MPRegen 0.21/turn                O - ring of willpower

@: lethally poisoned (-1 -> -22), flying, repel missiles
A: no striking features
a: Renounce Religion


You were on level 9 of the Dungeon.
You worshipped Vehumet.
Vehumet was pleased with you.
You visited 2 branches of the dungeon, and saw 10 of its levels.

You collected 529 gold pieces.

Inventory:

Missiles
 s - 2 poisoned darts
Armour
 a - a +0 robe (worn)
 d - a +1 hat of stealth (worn)
 g - a +0 cloak
 x - a +0 pair of boots (worn)
 J - a scarf of repulsion (worn)
Magical Staves
 A - a staff of conjuration (weapon)
Jewellery
 e - a ring of fire
 r - a ring of fire
 t - a ring of flight (left hand)
 O - a ring of willpower (right hand)
Wands
 F - a wand of flame (33)
 M - a wand of paralysis (13)
Scrolls
 k - a scroll of immolation {unknown}
 m - 2 scrolls of vulnerability {unknown}
 n - 2 scrolls of enchant armour {unknown}
 p - 5 scrolls of amnesia
 q - a scroll of blinking {unknown}
 w - a scroll of summoning {unknown}
 y - 2 scrolls of fear {unknown}
 z - a scroll of silence {unknown}
 B - 2 scrolls of poison {unknown}
 E - 2 scrolls of fog {unknown}
 G - 4 scrolls of teleportation
 I - 4 scrolls of noise {unknown}
 N - a scroll of torment {unknown}
Potions
 b - a potion of magic
 c - 2 potions of flight
 f - 6 potions of curing
 h - 2 potions of attraction {unknown}
 i - a potion of cancellation {unknown}
 l - a potion of invisibility {unknown}
 o - 2 potions of brilliance {unknown}
 u - 2 potions of resistance
 v - a potion of lignification {unknown}
 C - 2 potions of haste {unknown}
 D - a potion of might {unknown}
 H - a potion of mutation {unknown}
 K - a potion of heal wounds {unknown}


   Skills:
 - Level 2.4 Dodging
 - Level 5.0 Stealth
 + Level 12.9 Spellcasting
 - Level 10.0 Conjurations
 - Level 12.0 Hexes
 - Level 5.0 Ice Magic


You had 19 spell levels left.
You knew the following spells:

 Your Spells              Type           Power      Damage    Failure   Level
a - Magic Dart            Conj           100%       1d8       1%          1
b - Fulminant Prism       Conj/Hex       44%        3d19      1%          4
c - Ensorcelled Hibernat  Hex/Ice        100%       N/A       1%          2
d - Hailstorm             Conj/Ice       74%        3d15      1%          3
e - Frozen Ramparts       Ice            92%        1d14      1%          3
f - Shock                 Conj/Air       100%       1d9       1%          1
g - Foxfire               Conj/Fire      100%       2x1d9     1%          1

Your spell library contained the following spells:

 Spells                   Type           Power      Damage    Failure   Level
 Poisonous Vapours        Pois/Air       36%        N/A       4%          2
 Freeze                   Ice            100%       1d10      1%          1
 Searing Ray              Conj           100%       2d8       1%          2
 Dazzling Flash           Conj/Hex       100%       N/A       1%          3
 Portal Projectile        Hex/Tloc       100%       N/A       1%          3
 Anguish                  Hex/Necr       25%        N/A       2%          4
 Apportation              Tloc           36%        N/A       3%          1
 Iskenderun's Mystic Bla  Conj/Tloc      62%        2d13      3%          4
 Spider Form              Tmut/Pois      18%        N/A       9%          3
 Alistair's Intoxication  Tmut/Pois      12%        N/A       63%         5
 Malign Gateway           Summ/Tloc      9%         N/A       100%        7
 Summon Hydra             Summ           9%         N/A       100%        7


Dungeon Overview and Level Annotations

Branches:
Dungeon (9/15)             Temple (1/1) D:7            Lair (0/5) D:8
    Orc: D:9-12

Altars:
Ashenzari
Cheibriados
Elyvilon
Fedhas
Kikubaaqudgha
Makhleb
Nemelex Xobeh
Okawaru
Ru
Sif Muna
Trog
Vehumet
Wu Jian
Yredelemnul
The Shining One

Annotations:
D:3 2 transporters, Menkaure
D:9 Erica


Message History

You kill the orc!
Vehumet accepts your kill.
Vehumet offers you knowledge of Poisonous Vapours.
You feel your power returning.
Casting: Foxfire (safe; 1% risk of failure)
Confirm with . or Enter, or press ? or * to list all spells.
Aiming: Fulminant Prism (safe; 1% risk of failure)
Press: ? - help, Dir - move target You feel a surge of power!
You conjure a prism of explosive energy!
A fulminant prism comes into view.
Your fulminant prism crackles loudly.
Your fulminant prism explodes!
The blast of energy engulfs Erica!!!
Erica is severely wounded.
Casting: Fulminant Prism (safe; 1% risk of failure)
Confirm with . or Enter, or press ? or * to list all spells.
You feel a surge of power!
You conjure some foxfire!
Erica closely misses you.
You hit Erica but do no damage.
Erica is severely wounded.
Erica hits you with a +3 scimitar of flaming.
Erica burns you.
Your foxfire dissipates!
The foxfire hits Erica.
Erica is severely wounded.
Casting: Foxfire (safe; 1% risk of failure)
Confirm with . or Enter, or press ? or * to list all spells.
Aiming: Fulminant Prism (safe; 1% risk of failure)
Press: ? - help, Dir - move target You feel a surge of power!
You conjure a prism of explosive energy!
A fulminant prism comes into view.
Erica casts a spell at you. The bolt of poison hits you!!
You are poisoned.
You feel very sick. Erica gestures at you while chanting.
The bolt of poison hits you!!
You are lethally poisoned!
You die...

......... ...>.....
......... .......)#
........#
.......o###########
........o@*........
<#########.########
#########@#######
.................
.................
#######.#########
#.# #.#
#########.#######
.................
.................


You could see Erica (ally target) and a friendly fulminant prism.

Vanquished Creatures
  Gastronok (D:8)
  Pikel (D:6)
  A komodo dragon (D:8)
  A troll (D:8)
  Prince Ribbit (D:5)
  A steam dragon (D:7)
  4 humans (D:6)
  A water moccasin (D:7)
  A black bear (D:6)
  An orc warrior (D:8)
  3 ice beasts
  3 ogres
  5 wolves (D:8)
  3 centaurs
  2 lemures (D:6)
  2 phantoms
  4 necrophages
  4 bullfrogs
  4 scorpions
  16 wights
  2 howler monkeys (D:7)
  4 electric eels (D:8)
  2 jellies
  2 hounds (D:8)
  6 orc priests
  3 iguanas (D:8)
  7 orc wizards
  4 gnolls (D:3)
  4 adders
  2 white imps
  3 worms
  2 dart slugs
  23 orcs
  2 ball pythons
  2 bats (D:1)
  12 endoplasms
  4 giant cockroaches
  6 goblins
  5 hobgoblins
  4 kobolds
  A quokka (D:1)
  7 frilled lizards
  4 rats
  4 foxfires (D:8)
174 creatures vanquished.

Vanquished Creatures (others)
  10 foxfires
  73 fulminant prisms
  5 plants (D:8)
88 creatures vanquished.

Grand Total: 262 creatures vanquished

Notes
Turn   | Place    | Note
-------+----------+-------------------------------------------
     0 | D:1      | Arximoufas the Deep Elf Conjurer began the quest for the
                  | Orb.
     0 | D:1      | Reached XP level 1. HP: 10/10 MP: 6/6
   197 | D:1      | Reached XP level 2. HP: 15/15 MP: 1/8
  1336 | D:2      | Reached XP level 3. HP: 19/19 MP: 7/10
  1780 | D:2      | Reached skill level 5 in Conjurations
  2008 | D:2      | You fall into a shaft and drop 2 floors!
  2059 | D:3      | Noticed Menkaure
  2059 | D:3      | Found an ancient bone altar of Kikubaaqudgha.
  2059 | D:3      | Found a basalt altar of Yredelemnul.
  2091 | D:3      | Reached XP level 4. HP: 24/24 MP: 7/12
  2628 | D:3      | Found a transporter.
  2628 | D:3      | Noticed an ogre
  2850 | D:3      | Noticed a bullfrog
  2857 | D:3      | Noticed an ogre
  2943 | D:3      | Learned a level 4 spell: Fulminant Prism
  2949 | D:3      | Found a transporter.
  2991 | D:3      | Killed an ogre
  2992 | D:3      | Reached skill level 1 in Hexes
  2992 | D:3      | Reached XP level 5. HP: 28/28 MP: 5/14
  3052 | D:3      | Reached skill level 5 in Spellcasting
  3162 | D:3      | Got the Discourse on Moving Creation
  3208 | D:3      | Killed an ogre
  3209 | D:3      | Reached skill level 5 in Stealth
  3209 | D:3      | Reached XP level 6. HP: 32/32 MP: 8/15
  4231 | D:4      | Found an ornate altar of the Wu Jian Council.
  4400 | D:4      | Reached skill level 5 in Hexes
  4627 | D:5      | Entered Level 5 of the Dungeon
  4629 | D:5      | Identified the +0 ring mail of Defence {rElec rN+ MP+9
                  | Str+5 Int-3}
  4659 | D:5      | Reached XP level 7. HP: 11/36 MP: 8/16
  4898 | D:5      | Found a burning altar of Makhleb.
  5028 | D:5      | Found a glowing golden altar of the Shining One.
  5052 | D:5      | Identified the +1 chain mail of the Lost Path {*Slow +Blink
                  | Int+5}
  5551 | D:5      | Noticed Prince Ribbit
  5641 | D:6      | Noticed a human
  5641 | D:6      | Noticed a human
  5641 | D:6      | Noticed a human
  5745 | D:6      | Learned a level 2 spell: Ensorcelled Hibernation
  5749 | D:6      | Learned a level 3 spell: Hailstorm
  5871 | D:6      | Reached skill level 1 in Ice Magic
  6203 | D:5      | Killed Prince Ribbit
  6204 | D:5      | Reached XP level 8. HP: 13/41 MP: 5/17
  6358 | D:5      | Reached skill level 5 in Ice Magic
  6430 | D:5      | Found a radiant altar of Vehumet.
  6437 | D:5      | Became a worshipper of Vehumet
  6556 | D:6      | Found a snail-covered altar of Cheibriados.
  7253 | D:6      | Reached XP level 9. HP: 44/45 MP: 18/23
  7594 | D:6      | Noticed Pikel
  7600 | D:6      | Killed Pikel
  7601 | D:6      | Reached skill level 10 in Spellcasting
  7687 | D:6      | Learned a level 3 spell: Frozen Ramparts
  8090 | D:7      | Reached * piety under Vehumet
  8090 | D:7      | Offered knowledge of Shock by Vehumet.
  8093 | D:7      | Learned a level 1 spell: Shock
  8209 | D:7      | Reached skill level 10 in Hexes
  8821 | D:7      | Found a staircase to the Ecumenical Temple.
  8830 | Temple   | Entered the Ecumenical Temple
  9484 | D:8      | Reached XP level 10. HP: 49/50 MP: 19/27
  9664 | D:8      | Offered knowledge of Foxfire by Vehumet.
  9696 | D:8      | Reached ** piety under Vehumet
  9855 | D:8      | Learned a level 1 spell: Foxfire
 10003 | D:8      | Noticed Gastronok
 10010 | D:8      | Reached skill level 10 in Conjurations
 10028 | D:8      | Killed Gastronok
 10569 | D:8      | Found a staircase to the Lair.
 10795 | D:9      | Noticed Erica
 10795 | D:9      | Offered knowledge of Poisonous Vapours by Vehumet.
 10803 | D:9      | Killed from afar by Erica

Illustrated notes

Levels and vault maps discovered:
D:1:      dpeg_arrival_ternary, layout_basic, hangedman_decor_points,
          kennysheep_minor_cross
D:2:      layout_basic
D:3:      layout_rooms, gammafunk_temple_of_torment
D:4:      layout_layer_cave, nzn_wu_jian_council_hall, minmay_unequal
D:5:      layout_basic, mainiacjoe_overflow_boulevard,
          mainiacjoe_overflow_tiny_flanked, bloody_makhleb, uniq_prince_ribbit1
D:6:      layout_loops_ring, kennysheep_little_box, minmay_ruffians, uniq_pikel
D:7:      layout_rooms, minmay_temple_entry_glass, minivault_22,
          minmay_starry_boxes
D:8:      layout_rooms, tgw_xom, erik_lair_island, minmay_lizard_king,
          uniq_gastronok
D:9:      layout_long_grid, chequers_serial_rivers_micro_c, uniq_erica
Temple:   nicolae_temple_two_arcs

Skill      XL: |  1  2  3  4  5  6  7  8  9 10 |
---------------+-------------------------------+-----
Stealth        | 3 4 5 |  5.0
Spellcasting   | 4 5 8 11 12 | 12.9
Conjurations   | 5 6 7 8 10 | 10.0
Hexes          | 1 3 6 7 8 11 12 | 12.0
Ice Magic      | 4 5 |  5.0
Dodging        | |  2.4

Action                     |  1- 3 |  4- 6 |  7- 9 | 10-12 || total
---------------------------+-------+-------+-------+-------++-------
  Melee: Staff             |       |       |       |     1 ||     1
   Cast: Magic Dart        |    72 |    91 |   166 |    35 ||   364
         Fulminant Prism   |       |       |    40 |    34 ||    74
         Hailstorm         |       |       |     1 |       ||     1
         Ensorcelled Hiber |       |       |     1 |       ||     1
         Frozen Ramparts   |       |       |     2 |       ||     2
         Foxfire           |       |       |       |     8 ||     8
  Evoke: Wand              |       |       |     3 |       ||     3
    Use: Scroll            |       |     2 |     6 |       ||     8
         Potion            |       |       |     2 |       ||     2
 Armour: Robe              |       |     3 |     7 |     1 ||    11
  Dodge: Dodged            |     2 |    14 |    45 |    16 ||    77

Table legend: (Time is in decaauts)
 A = Elapsed time spent in this place.
 B = Non-inter-level travel time spent in this place.
 C = Inter-level travel time spent in this place.
 D = Time resting spent in this place.
 E = Time spent auto-exploring this place.
 F = Levels seen in this place.
 G = Mean time per level.
                   A        B        C        D        E       F      G
               +--------+--------+--------+--------+--------+-----+--------+
         Total |  10811 |  10319 |    492 |   2945 |   5306 |  10 | 1081.1 |
       Dungeon |  10715 |  10233 |    482 |   2945 |   5224 |   9 | 1190.6 |
        Temple |     96 |     86 |     10 |      0 |     82 |   1 |   96.0 |
               +--------+--------+--------+--------+--------+-----+--------+

Top non-repeatable levels by time:
     D:6: 2283 daAuts
     D:7: 1442 daAuts
     D:5: 1357 daAuts
     D:2: 1353 daAuts
     D:4: 1312 daAuts
     D:1: 997 daAuts
     D:8: 969 daAuts
     D:3: 965 daAuts
  Temple: 96 daAuts
     D:9: 32 daAuts
